 Dungeon Crawl Stone Soup version 0.24-a0-462-ge24419a6ad (webtiles) character file.

Game seed: 503173502834628654

64 Gildeon the Skirmisher (level 3, -11/29 HPs)
             Began as a Minotaur Fighter on July 1, 2019.
             Was an Initiate of Hepliaklqana.
             Mangled by Prince Ribbit (15 damage)
             ... on level 6 of the Dungeon.
             The game lasted 00:03:57 (1294 turns).

Gildeon the Skirmisher (Minotaur Fighter)           Turns: 1294, Time: 00:03:58

Health: -11/29     AC:  7    Str: 20    XL:     3   Next: 91%
Magic:  2/2        EV:  8    Int:  5    God:    Hepliaklqana [......]
Gold:   86         SH:  9    Dex: 10    Spells: 2/2 levels left

rFire    . . .     SeeInvis .   a - +0 war axe
rCold    . . .     Gourm    .   c - +0 shield
rNeg     . . .     Faith    .   b - +0 scale mail
rPois    .         Spirit   .   (helmet restricted)
rElec    .         Reflect  .   (no cloak)
rCorr    .         Harm     .   (no gloves)
MR       .....                  (no boots)
Stlth    ..........             (no amulet)
HPRegen  0.09/turn              (no ring)
MPRegen  0.08/turn              (no ring)

@: no status effects
A: retaliatory headbutt, reduced essence, horns 2
a: Recall Ancestor, Ancestor Identity, Renounce Religion


You were on level 6 of the Dungeon.
You worshipped Hepliaklqana.
Hepliaklqana was noncommittal.
You were not hungry.

You visited 1 branch of the dungeon, and saw 4 of its levels.

You collected 86 gold pieces.

Inventory:

Hand Weapons
 a - a +0 war axe (weapon)
 h - a +0 club
 o - a +0 flail of crushing
Armour
 b - a +0 scale mail (worn)
 c - a +0 shield (worn)
Wands
 n - a wand of disintegration (8)
Scrolls
 e - a scroll of immolation {unknown}
 i - a scroll of magic mapping
 k - a scroll of enchant weapon {unknown}
 p - a scroll of fear {unknown}
Potions
 d - a potion of might
 g - a potion of magic {unknown}
 j - 2 potions of lignification
 l - a potion of heal wounds
 m - a potion of curing {unknown}
 q - a potion of degeneration {unknown}
 r - a potion of brilliance {unknown}
Comestibles
 f - 3 rations


   Skills:
 + Level 4.1 Fighting
 * Level 3.5 Axes
 + Level 4.0 Armour
 + Level 1.4 Dodging
 + Level 4.0 Shields


You had 2 spell levels left.
You didn't know any spells.
Your spell library was empty.

Dungeon Overview and Level Annotations

Branches:
Dungeon (3/15)

Altars:
Hepliaklqana
Kikubaaqudgha

Annotations:
D:6 Prince Ribbit


Innate Abilities, Weirdness & Mutations

You reflexively headbutt those who attack you in melee.
You have a pair of horns on your head.
Your life essence is reduced to manifest your ancestor. (-10% HP)


Message History

Your Armour skill increases to level 4!
You now have 86 gold pieces (gained 18).
g - a yellow potion You start resting.
HP restored.
You open the door.
Prince Ribbit comes into view.
Prince Ribbit croaks.
There is an open door here.
Prince Ribbit hits you.
You closely miss Prince Ribbit. Prince Ribbit hits you!
Ouch! That really hurt!
* * * LOW HITPOINT WARNING * * *
Prince Ribbit hits you.
* * * LOW HITPOINT WARNING * * *
Prince Ribbit hits you but does no damage.
There is an open door, spattered with blood here.
Prince Ribbit hits you!
Ouch! That really hurt!
You die...

.... ###+#...
#.....#......
#.....#..... ..
#.....#....#######..
#.....#....#........
#.....#....'........
#....#....#....##.
..##....#@...#....##
........F....#.....+
........#....#.....#
..#######....#....##
#.....#######
#.....# #.....#
#.....# #.....#


You could see Prince Ribbit.

Vanquished Creatures
  An iguana (D:6)
  2 adders (D:2)
  3 bats
  A giant cockroach (D:1)
  4 goblins
  4 hobgoblins
  2 jackals (D:1)
  A quokka (D:2)
  A kobold (D:1)
  2 rats
21 creatures vanquished.

Notes
Turn   | Place    | Note
-------+----------+-------------------------------------------
     0 | D:1      | Gildeon the Minotaur Fighter began the quest for the Orb.
     0 | D:1      | Reached XP level 1. HP: 19/19 MP: 0/0
   453 | D:1      | Reached XP level 2. HP: 26/27 MP: 1/1
   659 | D:2      | Found a hazy altar of Hepliaklqana.
   659 | D:2      | Found an ancient bone altar of Kikubaaqudgha.
   681 | D:2      | Became a worshipper of Hepliaklqana the Forgotten
   718 | D:2      | Reached skill level 1 in Dodging
   761 | D:2      | Reached XP level 3. HP: 28/29 MP: 2/2
  1158 | D:3      | You fall into a shaft and drop 3 floors!
  1290 | D:6      | Noticed Prince Ribbit
  1294 | D:6      | Mangled by Prince Ribbit

Levels and vault maps discovered:
D:1:      minmay_arrival_semitransparent, layout_basic
D:2:      layout_rooms, grunt_temple_overflow_open
D:3:      layout_basic, good_gods_temple_1
D:6:      layout_gridville, nicolae_overflow_crystal_walls,
          minmay_fractal_squares_gapless_5, uniq_prince_ribbit1

Skill      XL: |  1  2  3 |
---------------+----------+-----
Axes           | 3 |  3.5
Dodging        | 1 |  1.4
Shields        | 4 |  4.0
Fighting       | 4 |  4.1
Armour         | 4 |  4.0

Action                   || total
-------------------------++-------
Melee: War axe           ||    51
Invok: Ancestor Identity ||     1
  Use: Scroll            ||     3
  Eat: Chunk             ||     1
Armor: Scale mail        ||    21
Dodge: Dodged            ||    16
Block: Shield            ||    32

Table legend:
 A = Non-vault XP
 B = Vault XP
 C = Vault XP percentage of total XP
 D = Non-vault monster count
 E = Vault monster count
 F = Vault count percentage of total count
                 A         B        C        D         E       F
            +---------+---------+-------+---------+---------+-------
      Total |      92 |       0 |   0.0 |      21 |       0 |   0.0
            +---------+---------+-------+---------+---------+-------
        D:1 |      14 |       0 |   0.0 |       8 |       0 |   0.0
        D:2 |      42 |       0 |   0.0 |      11 |       0 |   0.0
        D:3 |       1 |       0 |   0.0 |       1 |       0 |   0.0
        D:6 |      35 |       0 |   0.0 |       1 |       0 |   0.0
            +---------+---------+-------+---------+---------+-------
